Map: Royal Blood LE

Players

A.I. 2 (Very Easy) - Winner!

  • Race: Terran Terran
  • Spawn Location: 7:00

Demi

  • Race: Zerg Zerg
  • League: Master
  • Spawn Location: 1:00

VOD

Have the link to the VOD?

Description

Time

  • Played on: Aug. 8, 2023, 10:38 a.m.
  • Length: 3:26
Show
View Real Time Build Order
Export as new Build Order

A.I. 2 (Very Easy) Terran - Winner!

Build Orders:  

Get SALT Encoding   

  12  0:00  SCV  
  13  0:13  SCV  
  14  0:18  Supply Depot  
  14  0:37  Refinery  
  14  0:41  Barracks  
  14  1:03  Supply Depot  
  14  1:12  Refinery  
  14  1:29  Barracks Tech Lab  
  14  1:30  Orbital Command  
  14  1:47  Marine  
  15  1:55  SCV  
  16  2:07  SCV  
  17  2:19  SCV  
  18  2:31  SCV  
  18  2:35  Marine  
  20  2:44  SCV  
  21  2:56  SCV  
Show
View Real Time Build Order
Export as new Build Order

Demi Zerg 

Build Orders: Pool First 

Get SALT Encoding   

  12  0:00  Drone  
  13  0:12  Overlord  
  13  0:16  Drone  
  14  0:31  Drone x2  
  14  0:35  Drone  
  17  0:47  Drone, Extractor  
  17  0:49  Spawning Pool  
  16  0:57  Drone  
  17  1:07  Drone  
  18  1:16  Hatchery  
  17  1:20  Drone  
  18  1:35  Queen  
  18  1:36  Zergling x2  
  21  1:40  Zergling x2  
  22  1:48  Metabolic Boost  
  22  1:52  Overlord  
  22  2:12  Queen  
  22  2:14  Drone x2  
  26  2:21  Drone  
  27  2:29  Drone  
  28  2:32  Drone  
  29  2:40  Drone  
  30  2:44  Drone  
  30  2:47  Hatchery  
  30  2:49  Drone  
  31  2:56  Overlord  
  33  2:58  Drone  
  33  3:01  Drone  
  33  3:03  Drone  
Tags
 
League
Master
Matchup
TvZ
Opening
Pool First
Player
Demi
Spawn Locations
Cross Positions
Add a new tag
Caveats
  • Supply blocks, unpowered buildings, or Contaminate may cause inaccurate times.
  • Supply counts are checked every 10 seconds.